 Dungeon Crawl Stone Soup version 0.28-a0-1555-g9ae15a6949 (webtiles) character file.

Game seed: 2572195147500174906

22696 HallandMoats the Fighter (level 13, -1/116 HPs)
             Began as a Ghoul Monk on Jan 18, 2022.
             Was a Believer of Uskayaw.
             Slain by Kirke (11 damage)
             ... on level 12 of the Dungeon.
             The game lasted 00:18:41 (14356 turns).

HallandMoats the Fighter (Ghoul Monk)              Turns: 14356, Time: 00:18:42

Health: -1/116     AC: 19    Str: 20    XL:     13   Next: 1%
Magic:  18/18      EV: 12    Int:  5    God:    Uskayaw [**....]
Gold:   533        SH:  0    Dex: 11    Spells: 12/12 levels left

rFire   + . .      SeeInvis .   a - +4 lajatang (spect)
rCold   + . .      Faith    .   (shield currently unavailable)
rNeg    + + +      Spirit   .   q - +0 plate armour
rPois   ∞          Reflect  .   y - +0 helmet {rF+}
rElec   .          Harm     .   E - +1 cloak
rCorr   .          Rampage  .   l - +0 pair of gloves
Will    +....                   k - +0 pair of boots
Stlth   ..........              (no amulet)
HPRegen 0.00/turn               i - +4 ring of evasion
MPRegen 0.16/turn               D - ring of willpower

@: inhibited regen
A: claws 1, cold resistance 1, negative energy resistance 3, inhibited
regeneration, torment resistance 2
a: Renounce Religion, Stomp, Line Pass


You were on level 12 of the Dungeon.
You worshipped Uskayaw.
Uskayaw was aware of your devotion.
You visited 2 branches of the dungeon, and saw 13 of its levels.

You collected 983 gold pieces.
You spent 450 gold pieces at shops.

Inventory:

Hand Weapons
 a - a +4 spectral lajatang (weapon)
 b - a +3 vampiric hand axe
 d - the +9 staff of Olgreb {rPois∞}
   (You acquired it on level 8 of the Dungeon)

   If the wielder is skilled in Evocations, they can envenom those struck by it,
   dealing poison damage which bypasses armour.
   It enhances your poison magic.
   It grants immunity to poison.
   It can be evoked to radiate toxic energy, with effectiveness depending on
   Evocations skill.
Missiles
 c - 4 throwing nets (quivered)
Armour
 k - a +0 pair of boots (worn)
 l - a +0 pair of gloves (worn)
 q - a +0 plate armour (worn)
 w - a +1 buckler of fire resistance
 y - a +0 helmet of fire resistance (worn)
 E - a +1 cloak (worn)
Jewellery
 i - a +4 ring of evasion (left hand)
 j - a +6 ring of dexterity
 D - a ring of willpower (right hand)
 K - a ring of ice
Wands
 g - a wand of mindburst (10)
 r - a wand of charming (5)
 v - a wand of iceblast (6)
 A - a wand of flame (15)
 I - a wand of acid (10)
Scrolls
 f - 3 scrolls of fog
 o - a scroll of teleportation
 p - a scroll of amnesia
 s - 2 scrolls of magic mapping {unknown}
 t - a scroll of enchant armour {unknown}
 x - a scroll of torment
 G - 2 scrolls of identify
 H - a scroll of silence {unknown}
Potions
 e - 2 potions of flight {unknown}
 h - 2 potions of lignification {unknown}
 m - 6 potions of curing
 n - 4 potions of mutation {unknown}
 u - 3 potions of heal wounds {unknown}
 z - a potion of invisibility
 B - a potion of attraction {unknown}
 C - a potion of ambrosia {unknown}
 F - a potion of resistance
 J - a potion of cancellation {unknown}
 L - a potion of haste {unknown}


   Skills:
 + Level 11.4 Fighting
 - Level 4.8 Axes
 * Level 6.8 Staves
 + Level 7.1 Armour
 + Level 7.8 Dodging
 - Level 2.1 Stealth
 - Level 5.2 Shields
 - Level 3.2 Unarmed Combat
 + Level 8.6 Invocations
 * Level 6.8 Evocations


You had 12 spell levels left.
You didn't know any spells.
Your spell library contained the following spells:

 Spells                   Type           Power      Damage    Failure   Level
 Dazzling Flash           Conj/Hex       0%         N/A       100%        3
 Gell's Gravitas          Tloc           0%         N/A       100%        3
 Lesser Beckoning         Tloc           0%         N/A       100%        3
 Teleport Other           Tloc           0%         N/A       100%        3
 Animate Dead             Necr           0%         N/A       100%        4
 Agony                    Necr           0%         N/A       100%        5
 Silence                  Hex/Air        0%         N/A       100%        5
 Haunt                    Necr/Summ      0%         N/A       100%        7
 Infestation              Necr           0%         N/A       100%        8


Dungeon Overview and Level Annotations

Branches:
Dungeon (12/15)            Temple (0/1) D:5            Lair (1/6) D:10
    Orc (0/2) D:12

Altars:
Ashenzari
Cheibriados
Dithmenos
Elyvilon
Gozag
Hepliaklqana
Kikubaaqudgha
Makhleb
Nemelex Xobeh
Okawaru
Qazlal
Trog
Uskayaw
Zin

Shops:
D:6 *   D:7 *   D:8 ?   D:9 (*![=   D:10 *   D:12 [(

Portals:
Trove: D:11 (show abyssal rune of Zot)

Annotations:
D:10 Erica
D:12 Kirke


Innate Abilities, Weirdness & Mutations

You thrive by killing the living.
You are immune to poison.
You have sharp fingernails.
Your flesh is cold resistant. (rC+)
You are immune to negative energy. (rN+++)
You do not regenerate when monsters are visible.
You are immune to unholy pain and torment.


Message History

The hog bites you.
* * * LOW HITPOINT WARNING * * *
The hog bites you.
* * * LOW HITPOINT WARNING * * *
You barely miss the hog. The hog misses you. Kirke hits you but does no damage.
The hog bites you but does no damage.
You can no longer pass through a line of other dancers.
You slash the hog!
The hog is moderately wounded.
The hog bites you but does no damage. The hog misses you.
Kirke closely misses you. The hog bites you but does no damage.
You can now pass through a line of other dancers.
You barely miss the hog.
The hog is moderately wounded.
The hog barely misses you. Kirke barely misses you.
The hog bites you but does no damage. The hog bites you!
* * * LOW HITPOINT WARNING * * *
You hit the hog.
The hog is moderately wounded.
The hog closely misses you. Kirke hits you but does no damage.
The hog misses you. The hog barely misses you.
You closely miss the hog.
The hog is moderately wounded.
The hog barely misses you. Kirke closely misses you.
The hog bites you but does no damage. The hog barely misses you.
You slice the hog!!
The hog is severely wounded.
Kirke casts a spell at you.
You easily resist.
The hog bites you!
* * * LOW HITPOINT WARNING * * *
The hog barely misses you.
You completely miss the hog.
The hog is severely wounded.
The hog misses you. Kirke barely misses you.
The hog bites you but does no damage. The hog bites you.
* * * LOW HITPOINT WARNING * * *
You hit the hog.
The hog is almost dead.
The hog bites you but does no damage. Kirke hits you!
You die...

#......#..
#......#.# ####
#......#.#.)..#
#........#....#
#........'....#
#h#....^.#....#
#h#......#....+
#@#...........#
#@#........#######
#hhh..............
#...)).∩....#.....
#.................
#.....)>.....?....
#.................
#......∩..........
#..........#######
#.................


You could see Kirke and 5 hogs.

Vanquished Creatures
  Gastronok (Lair:1)
  Nessos (D:12)
  Josephine (D:10)
  Fannar (D:11)
  Harold (D:11)
  A vault guard (D:11)
  A hydra (D:11)
  A two-headed ogre (D:11)
  Sonja (D:11)
  A cyclops (D:7)
  Maurice (D:11)
  A black mamba (Lair:1)
  2 gargoyles
  6 cane toads (Lair:1)
  Maggie (D:10)
  3 komodo dragons (Lair:1)
  An unseen horror (D:11)
  5 trolls
  3 meliai (D:12)
  A hornet (D:9)
  A polar bear (Lair:1)
  2 shadows
  4 wraiths (D:10)
  Sigmund (D:4)
  2 wyverns
  17 yaks
  A hog (D:12)
  2 steam dragons
  A vampire (D:10)
  4 acid dragons
  A water moccasin (D:6)
  Duvessa (D:4)
  3 black bears
  5 orc warriors
  A hornet zombie (D:6)
  5 necrophages
  3 centaurs
  A phantom (D:5)
  2 kobold brigands
  Blork the orc (D:4)
  A gnoll sergeant (D:7)
  4 bullfrogs
  3 scorpions
  Dowan (D:4)
  A water moccasin skeleton (D:5)
  11 killer bees
  An electric eel (D:7)
  21 wights
  2 howler monkeys
  3 centaur zombies
  2 bullfrog zombies (D:7)
  2 bullfrog skeletons (D:5)
  3 hounds
  6 orc priests
  A centaur skeleton (D:7)
  3 iron imps (D:8)
  2 jellies
  2 iguanas (D:5)
  Natasha (D:2)
  9 orc wizards
  A killer bee zombie (D:7)
  A hound skeleton (D:5)
  2 howler monkey zombies
  4 gnolls
  7 adders
  3 white imps
  An ufetubus (D:6)
  An adder skeleton (D:5)
  2 worms (D:3)
  2 dart slugs
  37 orcs
  9 bats
  9 endoplasms
  3 giant cockroaches
  5 goblins (D:1)
  9 hobgoblins
  8 jackals
  19 kobolds
  3 quokkas
  8 ball pythons
  5 frilled lizards
  4 rats
  A spectral kobold (D:5)
315 creatures vanquished.

Vanquished Creatures (others)
  A fungus (Lair:1)
  A plant (Lair:1)
  5 withered plants (D:7)
7 creatures vanquished.

Grand Total: 322 creatures vanquished

Notes
Turn   | Place    | Note
-------+----------+-------------------------------------------
     0 | D:1      | HallandMoats the Ghoul Monk began the quest for the Orb.
     0 | D:1      | Reached XP level 1. HP: 19/19 MP: 0/0
    48 | D:1      | Reached XP level 2. HP: 26/26 MP: 1/1
   296 | D:1      | Reached skill level 1 in Invocations
   315 | D:1      | Reached XP level 3. HP: 33/33 MP: 2/2
   513 | D:1      | Found a faded altar of an unknown god.
   881 | D:1      | Prayed at the altar of an unknown god.
   881 | D:1      | Became a worshipper of Uskayaw the Reveller
   881 | D:1      | Reached * piety under Uskayaw
   881 | D:1      | Reached ** piety under Uskayaw
  1004 | D:2      | Reached skill level 4 in Fighting
  1214 | D:2      | Reached skill level 1 in Armour
  1233 | D:2      | Reached XP level 4. HP: 40/40 MP: 3/3
  1309 | D:2      | Noticed Natasha
  1318 | D:2      | Killed Natasha
  1319 | D:2      | Reached skill level 1 in Shields
  2162 | D:3      | Reached XP level 5. HP: 47/47 MP: 5/5
  2736 | D:4      | Noticed Sigmund
  2746 | D:4      | Killed Sigmund
  2746 | D:4      | Reached *** piety under Uskayaw
  2747 | D:4      | Reached skill level 5 in Fighting
  2747 | D:4      | Reached XP level 6. HP: 48/56 MP: 6/6
  3134 | D:4      | Found a sparkling altar of Nemelex Xobeh.
  3216 | D:4      | Noticed Duvessa
  3230 | D:4      | Killed Duvessa
  3231 | D:4      | Reached XP level 7. HP: 51/61 MP: 8/8
  3231 | D:4      | Noticed Dowan
  3246 | D:4      | Reached **** piety under Uskayaw
  3252 | D:4      | Reached ***** piety under Uskayaw
  3253 | D:4      | Killed Dowan
  3254 | D:4      | Reached skill level 6 in Fighting
  3593 | D:4      | Noticed Blork the orc
  3600 | D:4      | Killed Blork the orc
  3804 | D:5      | Entered Level 5 of the Dungeon
  3985 | D:5      | You fall into a shaft and drop 1 floor!
  4107 | D:5      | Reached XP level 8. HP: 25/71 MP: 9/9
  4406 | D:5      | Noticed a gargoyle
  4414 | D:5      | Killed a gargoyle
  4415 | D:5      | Reached skill level 7 in Fighting
  4879 | D:5      | Found a staircase to the Ecumenical Temple.
  4989 | D:5      | Found a hazy altar of Hepliaklqana.
  5168 | D:5      | Found an iron altar of Okawaru.
  5272 | D:5      | Identified the +4 hand crossbow of Fundamental Breach
                  | {penet, rPois}
  5331 | D:6      | Found an opulent altar of Gozag.
  5460 | D:6      | Reached skill level 5 in Dodging
  5460 | D:6      | Reached XP level 9. HP: 50/81 MP: 11/11
  5659 | D:6      | Found Leib's General Store.
  5729 | D:6      | Reached skill level 8 in Fighting
  6145 | D:6      | Reached skill level 1 in Axes
  6462 | D:7      | Noticed a cyclops
  6469 | D:7      | Killed a cyclops
  6470 | D:7      | Reached skill level 5 in Invocations
  6892 | D:7      | Reached skill level 9 in Fighting
  6896 | D:7      | Reached XP level 10. HP: 70/91 MP: 13/13
  7010 | D:7      | Found Wywioroid's Fire Supplies.
  7019 | D:7      | Bought a +1 buckler of fire resistance for 181 gold pieces
  7019 | D:7      | Bought a +0 helmet of fire resistance for 126 gold pieces
  7512 | D:7      | Reached skill level 5 in Armour
  7628 | D:7      | Reached skill level 5 in Shields
  7950 | D:7      | Found a stormy altar of Qazlal.
  7951 | D:7      | Found a snail-covered altar of Cheibriados.
  7954 | D:7      | Found a shadowy altar of Dithmenos.
  7955 | D:7      | Found a broken altar of Ashenzari.
  8134 | D:8      | Found a burning altar of Makhleb.
  8559 | D:8      | Found Fuocremeu's Magic Scroll Shoppe.
  8562 | D:8      | Bought a scroll of identify for 26 gold pieces
  8562 | D:8      | Bought a scroll of identify for 26 gold pieces
  8562 | D:8      | Bought a scroll of identify for 26 gold pieces
  8562 | D:8      | Bought a scroll of identify for 26 gold pieces
  8562 | D:8      | Bought a scroll of teleportation for 39 gold pieces
  8567 | D:8      | Identified a scroll of acquirement
  8569 | D:8      | Acquired the +9 staff of Olgreb {rPois∞}
  8569 | D:8      | Found the +9 staff of Olgreb {rPois∞}
  8593 | D:8      | Found a bloodstained altar of Trog.
  8610 | D:8      | Reached skill level 10 in Fighting
  8774 | D:9      | Reached skill level 1 in Staves
  8774 | D:9      | Reached skill level 1 in Evocations
  9021 | D:9      | Found Deoniaple's General Store.
  9026 | D:9      | Reached XP level 11. HP: 94/99 MP: 14/14
  9052 | D:9      | Found Toschon's Armour Shop.
  9083 | D:9      | Found Xossaog's Distillery.
  9131 | D:9      | Found Feol Sou's Weapon Boutique.
  9313 | D:9      | Found an ancient bone altar of Kikubaaqudgha.
  9482 | D:9      | Found Regoeff's Jewellery Shoppe.
  9901 | D:10     | Entered Level 10 of the Dungeon
  9901 | D:10     | Noticed Maggie
  9910 | D:10     | Killed Maggie
 10182 | D:10     | Found Vifitaf's Assorted Antiques.
 10242 | D:10     | Noticed Josephine
 10250 | D:10     | Killed Josephine
 10365 | D:10     | Noticed a seven-headed hydra
 10366 | D:10     | Found a staircase to the Lair.
 10374 | Lair:1   | Entered Level 1 of the Lair of Beasts
 11050 | Lair:1   | Reached XP level 12. HP: 91/108 MP: 16/16
 11127 | Lair:1   | Noticed Gastronok
 11138 | Lair:1   | Killed Gastronok
 11139 | Lair:1   | Reached skill level 5 in Staves
 11139 | Lair:1   | Reached skill level 5 in Evocations
 11747 | D:10     | Noticed Erica
 12146 | D:11     | Noticed Harold
 12154 | D:11     | Killed Harold
 12210 | D:11     | Reached skill level 11 in Fighting
 12336 | D:11     | Noticed a two-headed ogre
 12339 | D:11     | Killed a two-headed ogre
 12553 | D:11     | Noticed Sonja
 12568 | D:11     | Killed Sonja
 12722 | D:11     | Noticed a four-headed hydra
 12734 | D:11     | Killed a four-headed hydra
 13055 | D:11     | Noticed Fannar
 13062 | D:11     | Killed Fannar
 13431 | D:11     | Noticed Maurice
 13436 | D:11     | Killed Maurice
 13713 | D:11     | Noticed a vault guard
 13719 | D:11     | Killed a vault guard
 13723 | D:11     | Found a portal to a secret trove of treasure.
 13833 | D:12     | Noticed Nessos
 13839 | D:12     | Killed Nessos
 13840 | D:12     | Found Celluar's Weapon Shoppe.
 13840 | D:12     | Found a staircase to the Orcish Mines.
 13917 | D:12     | Found Zicoz's Armour Shoppe.
 14031 | D:12     | Reached XP level 13. HP: 45/116 MP: 18/18
 14313 | D:12     | Noticed Kirke
 14356 | D:12     | Slain by Kirke

Illustrated notes

Levels and vault maps discovered:
D:1:      erik_arrival_orb_chamber, layout_basic,
          hellmonk_ecumenical_altar_blasted, corexii_leaking_fountain
D:2:      layout_basic, serial_curves, eino_curves_01, eino_curves_01,
          minivault_5, uniq_natasha
D:3:      layout_basic
D:4:      layout_basic, nemelex_dance_club_becter, uniq_sigmund,
          uniq_blork_the_orc, uniq_duvessa
D:5:      layout_loops_corners, elyvilon_altar_5,
          nicolae_hepliaklqana_monster_ancestors, okawaru_altar_gauntlet_db,
          temple_doors_e, minmay_checkerbox
D:6:      layout_loops_cross, mainiacjoe_overflow_six_doors_small,
          nicolae_gozag_seed_capital, serial_shops, kennysheep_little_box,
          enter_ossuary_2
D:7:      layout_loops_ring, mainiacjoe_overflow_alcove_3, serial_undead,
          serial_undead_f, serial_undead_a, serial_undead_a, serial_undead_f,
          serial_undead_a, serial_undead_f, serial_undead_e, serial_undead_c,
          hellmonk_bongcloud_opening, nicolae_shop_fire_sale
          [nicolae_sub_dead_trees], chequers_avenue, minmay_chambers_of_fives
D:8:      layout_rooms, demons_altar, trog_ov_bears_minmay, serial_shops,
          nicolae_shop_behind_doors
D:9:      layout_irregular_city, mainiacjoe_overflow_surrounded_room,
          serial_shops, shop, nicolae_shop_advertising_works
          [nicolae_subvault_shop_adworks], nicolae_shop_stone,
          nicolae_shop_bloodbath_and_beyond, nicolae_square_shop, serial_glass,
          glass_columns_c, glass_columns_a, hangedman_decor_push,
          evilmike_butchery
D:10:     layout_gridville, lair_entry_dummy, serial_shops,
          nicolae_lakefront_shop, uniq_maggie, uniq_josephine, uniq_erica
D:11:     layout_stronghold, enter_trove_5, uniq_sonja, uniq_harold,
          uniq_maurice, uniq_fannar
D:12:     layout_stronghold, orc_david_3, uniq_nessos, uniq_kirke
Lair:1:   layout_cave_pods, grunt_megastairs_2, uniq_gastronok

Skill      XL: |  1  2  3  4  5  6  7  8  9 10 11 12 |
---------------+-------------------------------------+-----
Invocations    | 1 2 3 4 5 6 7 8 |  8.6
Dodging        | 3 4 5 6 7 |  7.8
Fighting       | 4 5 6 7 9 10 11 | 11.4
Armour         | 1 2 3 4 5 6 7 |  7.1
Shields        | 1 2 3 4 5 |  5.2
Axes           | 3 4 |  4.8
Staves         | 1 4 6 |  6.8
Evocations     | 1 4 6 |  6.8
Stealth        | |  2.1
Unarmed Combat | |  3.2

Action                   |  1- 3 |  4- 6 |  7- 9 | 10-12 | 13-15 || total
-------------------------+-------+-------+-------+-------+-------++-------
Melee: Unarmed           |   170 |    12 |       |       |       ||   182
       Punch             |     2 |     1 |     4 |       |       ||     7
       Lajatang          |       |   114 |   198 |   322 |    29 ||   663
       Hand axe          |       |       |    68 |     7 |       ||    75
       Staff             |       |       |       |    15 |       ||    15
  Use: Scroll            |       |       |     7 |    10 |       ||    17
 Stab: Sleeping          |     5 |     1 |       |       |       ||     6
       Paralysed         |       |     2 |     7 |    19 |       ||    28
       Distracted        |       |       |       |     1 |       ||     1
Armor: Robe              |     5 |       |       |       |       ||     5
       Leather armour    |    31 |    12 |       |       |       ||    43
       Scale mail        |       |    17 |     8 |       |       ||    25
       Plate armour      |       |       |   165 |   290 |    36 ||   491
Dodge: Dodged            |   140 |   114 |   181 |   306 |    34 ||   775
Block: Buckler           |       |       |       |     7 |       ||     7

Table legend: (Time is in decaauts)
 A = Elapsed time spent in this place.
 B = Non-inter-level travel time spent in this place.
 C = Inter-level travel time spent in this place.
 D = Time resting spent in this place.
 E = Time spent auto-exploring this place.
 F = Levels seen in this place.
 G = Mean time per level.
                   A        B        C        D        E       F      G
               +--------+--------+--------+--------+--------+-----+--------+
         Total |  14588 |  13907 |    681 |    566 |  10914 |  13 | 1122.2 |
       Dungeon |  13220 |  12582 |    638 |    403 |   9868 |  12 | 1101.7 |
          Lair |   1368 |   1325 |     43 |    163 |   1046 |   1 | 1368.0 |
               +--------+--------+--------+--------+--------+-----+--------+

Top non-repeatable levels by time:
    D:11: 2007 daAuts
     D:7: 1642 daAuts
     D:5: 1583 daAuts
  Lair:1: 1368 daAuts
     D:4: 1315 daAuts
     D:6: 1188 daAuts
     D:9: 942 daAuts
     D:1: 926 daAuts
     D:3: 918 daAuts
     D:2: 824 daAuts
     D:8: 757 daAuts
    D:12: 564 daAuts
    D:10: 549 daAuts
